 Dungeon Crawl Stone Soup version 0.23.2-40-g277498a001 (webtiles) character file.

Game seed: 8121712429884634119

1015 Grimm the Skirmisher (level 8, -8/70 HPs)
             Began as a Hill Orc Berserker on Aug 22, 2019.
             Was a Priest of Trog.
             Splashed by a jelly's acid (11 damage)
             ... on level 4 of the Dungeon.
             The game lasted 00:31:13 (5652 turns).

Grimm the Skirmisher (Hill Orc Berserker)           Turns: 5652, Time: 00:31:14

Health: -8/70      AC:  0    Str: 22    XL:     8   Next: 21%
Magic:  8/8        EV: 11    Int:  7    God:    Trog [***...]
Gold:   248        SH:  0    Dex: 10    Spells: 7/7 levels left

rFire    . . .     SeeInvis .   t - +3 trident (venom)
rCold    + . .     Gourm    .   (no shield)
rNeg     . . .     Faith    .   r - +4 ring mail
rPois    .         Spirit   .   p - +1 hat
rElec    .         Reflect  .   (no cloak)
rCorr    .         Harm     .   (no gloves)
MR       .....                  (no boots)
Stlth    ..........             (no amulet)
HPRegen  0.21/turn              s - ring of protection from cold
MPRegen  0.11/turn              (no ring)

@: corroded
A: no striking features
a: Berserk, Trog's Hand, Renounce Religion


You were on level 4 of the Dungeon.
You worshipped Trog.
Trog was most pleased with you.
You were not hungry.

You visited 1 branch of the dungeon, and saw 5 of its levels.

You collected 248 gold pieces.

Inventory:

Hand Weapons
 h - a +1 trident of pain
 k - a +0 hunting sling
 m - a +0 mace
 o - a +0 shortbow
 t - a +3 trident of venom (weapon)
 x - a +0 rapier
 B - a +0 long sword
 E - a +3 flail of holy wrath
Missiles
 f - 119 stones (quivered)
 u - 59 arrows
 D - 3 tomahawks
Armour
 b - a +0 animal skin
 g - a +0 leather armour
 j - a +0 chain mail
 p - a +1 hat (worn)
 r - a +4 ring mail (worn)
 v - a +0 helmet
Jewellery
 s - a ring of protection from cold (left hand)
 y - an uncursed ring of protection from fire {unknown}
 C - a +3 ring of dexterity {unknown}
Wands
 z - a wand of iceblast (5)
Scrolls
 d - 3 scrolls of enchant weapon
 e - a scroll of amnesia
 i - a scroll of fog
 n - 2 scrolls of identify
 A - a scroll of remove curse {unknown}
Potions
 a - 3 potions of heal wounds
 l - 2 potions of ambrosia
 q - a potion of berserk rage {unknown}
 w - 4 potions of curing
Comestibles
 c - 10 rations


   Skills:
 + Level 5.8 Fighting
 + Level 4.2 Maces & Flails
 + Level 5.6 Polearms
 + Level 3.1(3.3) Slings
 + Level 1.3(2.4) Throwing
 + Level 4.5 Armour
 + Level 2.4 Dodging
 + Level 0.1 Stealth


You had 7 spell levels left.
You didn't know any spells.
Your spell library was empty.

Dungeon Overview and Level Annotations

Branches:
Dungeon (5/15)
 Temple: D:4-7

Altars:
Ashenzari
Fedhas
Okawaru
Ru

Annotations:
D:4 exclusion: oklob plant


Message History

* * * LOW HITPOINT WARNING * * *
The acid corrodes you!
You are splashed with acid!
* * * LOW HITPOINT WARNING * * *
You hit the jelly.
Your hands burn!
* * * LOW HITPOINT WARNING * * *
The jelly is almost dead.
The shadow imp closely misses you. The jelly hits you.
* * * LOW HITPOINT WARNING * * *
You are splashed with acid.
* * * LOW HITPOINT WARNING * * *
The shadow imp misses you. The jelly closely misses you.
Things that are here:
a +0 ring mail; a +0 leather armour; a +0 dagger The jelly jiggles.
There is an open door here.
There is an open door here.
The jelly hits you.
* * * LOW HITPOINT WARNING * * *
The acid corrodes you!
You are splashed with acid!
You die...

........##......)...#.##.##..#
...#######..........#.##.##..####
...# #..........#.##.........
...# #..........#.#####.()###
...# #..........#.......[>#
...#########...###+########5#.#
...................# #...#.#.#
#'##########...########...#.#.#
#.# #........@J.5..'...'.#.###
#.# #.##############...###....
#.# #.#...# #.+...# ##### #.#
#.#.#.# #####.#...# #.# #.#.#.#
#.........# ## #.# #.#.#.#
##.##..#'## #. #.#
#.#.#.#####.##..#.# #) #.#
#.#.............#.# #.
#.######.###.#####.###.#.# #.


You could see a jelly and a shadow imp.

Vanquished Creatures
  Edmund (D:4)
  A sky beast (D:5)
  A centaur (D:3)
  A bullfrog (D:5)
  A howler monkey (D:4)
  A crimson imp (D:4)
  4 hounds
  2 orc wizards (D:4)
  An orc priest (D:4)
  An iguana (D:4)
  Terence (D:3)
  A worker ant (D:3)
  A hound skeleton (D:4)
  A howler monkey zombie (D:5)
  14 gnolls
  7 adders
  3 worms
  A leopard gecko (D:4)
  6 orcs
  11 bats
  8 giant cockroaches
  8 goblins
  11 hobgoblins
  5 jackals
  A quokka (D:4)
  6 frilled lizards
  5 kobolds
  A leopard gecko skeleton (D:4)
  6 rats
111 creatures vanquished.

Vanquished Creatures (others)
  A worker ant (D:5)
  An adder (D:5)
2 creatures vanquished.

Grand Total: 113 creatures vanquished

Notes
Turn   | Place    | Note
-------+----------+-------------------------------------------
     0 | D:1      | Grimm the Hill Orc Berserker began the quest for the Orb.
     0 | D:1      | Reached XP level 1. HP: 19/19 MP: 1/1
   211 | D:1      | Reached XP level 2. HP: 26/27 MP: 2/2
  1010 | D:1      | Reached XP level 3. HP: 32/33 MP: 3/3
  1776 | D:2      | Reached ** piety under Trog
  1845 | D:2      | Reached XP level 4. HP: 25/40 MP: 4/4
  2091 | D:2      | Reached skill level 1 in Throwing
  2213 | D:2      | Found a sacrificial altar of Ru.
  2507 | D:2      | Found a shattered altar of Ashenzari.
  2543 | D:2      | Found an iron altar of Okawaru.
  2620 | D:2      | Reached skill level 1 in Slings
  2897 | D:3      | Reached XP level 5. HP: 46/46 MP: 5/5
  2969 | D:3      | Noticed a centaur
  2979 | D:3      | Killed a centaur
  2979 | D:3      | Reached XP level 6. HP: 19/53 MP: 6/6
  3495 | D:3      | Reached skill level 1 in Polearms
  3684 | D:3      | Noticed Terence
  3690 | D:3      | Killed Terence
  3814 | D:4      | Reached skill level 5 in Fighting
  3911 | D:5      | Entered Level 5 of the Dungeon
  4267 | D:4      | Reached XP level 7. HP: 50/61 MP: 7/7
  4512 | D:4      | Reached *** piety under Trog
  4838 | D:4      | Found a blossoming altar of Fedhas.
  4854 | D:4      | Noticed an oklob plant
  5423 | D:5      | Noticed Edmund
  5453 | D:4      | Killed Edmund
  5453 | D:4      | Reached skill level 5 in Polearms
  5453 | D:4      | Reached XP level 8. HP: 47/70 MP: 8/8
  5637 | D:4      | HP: 1/70 [acid (4)]
  5652 | D:4      | HP: 3/70 [jelly (1)]
  5652 | D:4      | Splashed by a jelly's acid

Skill      XL: |  1  2  3  4  5  6  7 |
---------------+----------------------+-----
Fighting       | 4 5 |  5.8
Maces & Flails | 4 |  4.2
Throwing       | 1 |  1.3
Dodging        | 2 |  2.4
Armour         | 3 4 |  4.5
Slings         | 1 2 3 |  3.1
Polearms       | 2 5 |  5.6
Stealth        | |  0.1

Action                   |  1- 3 |  4- 6 |  7- 9 || total
-------------------------+-------+-------+-------++-------
Melee: Mace              |    94 |    21 |       ||   115
       Trident           |       |   102 |   109 ||   211
 Fire: Hunting sling     |     1 |    57 |       ||    58
Throw: Stone             |    72 |     2 |    13 ||    87
  Use: Scroll            |       |     8 |       ||     8
  Eat: Chunk             |     3 |     6 |       ||     9
       Ration            |       |     1 |     1 ||     2
Armor: Animal skin       |    26 |       |       ||    26
       Ring mail         |     4 |    65 |    56 ||   125
       Leather armour    |     4 |       |       ||     4
Dodge: Dodged            |    76 |   110 |    73 ||   259
